 Dungeon Crawl Stone Soup version 0.27.1-2-g3b301248ec (webtiles) character file.

Game seed: 18059049360061730234

9 worthlessgem the Skirmisher (level 2, 4/24 HPs)
             Began as a Djinni Warper on Sept 24, 2021.
             Quit the game on level 1 of the Dungeon.
             The game lasted 00:07:41 (757 turns).

worthlessgem the Skirmisher (Djinni Warper)          Turns: 757, Time: 00:07:41

Health: 4/24       AC:  3    Str: 10    XL:     2   Next: 25%
Gold:   0          EV: 11    Int: 14    God:
                   SH:  0    Dex: 12

rFire    + + .     SeeInvis .   a - +0 falchion
rCold    x . .     Faith    .   (no shield)
rNeg     . . .     Spirit   .   b - +0 leather armour
rPois    ∞         Reflect  .   (no helmet)
rElec    .         Harm     .   (no cloak)
rCorr    .         Rampage  .   (no gloves)
Will     .....                  (boots unavailable)
Stlth    +.........             (no amulet)
HPRegen  0.08/turn              (no ring)
MPRegen  0.00/turn              (no ring)

@: flying
A: sickness immunity, fire resistance 2, cold vulnerability 1, float, innate
caster, hp casting, extra vitality 1
a: no special abilities


You were on level 1 of the Dungeon.
You visited 1 branch of the dungeon, and saw 2 of its levels.

Inventory:

Hand Weapons
 a - a +0 falchion (weapon)
Missiles
 d - 5 boomerangs of dispersal
 e - 21 stones (quivered)
Armour
 b - a +0 leather armour (worn)
 f - a +0 ring mail
Scrolls
 c - a scroll of blinking


   Skills:
 + Level 2.8 Fighting
 - Level 1.7 Long Blades
 - Level 0.7 Throwing
 - Level 1.0 Armour
 - Level 2.1 Dodging
 - Level 2.4 Spellcasting


You couldn't memorise any spells.
You knew the following spells:

 Your Spells              Type           Power      Damage    Failure   Level
a - Blink                 Tloc           N/A        N/A       17%         2
b - Lesser Beckoning      Tloc           4%         N/A       34%         3
c - Gell's Gravitas       Tloc           4%         N/A       34%         3
d - Teleport Other        Tloc           8%         N/A       34%         3
e - Manifold Assault      Tloc           8%         N/A       97%         5
Your spell library was empty.

Dungeon Overview and Level Annotations

Branches:
Dungeon (2/15)

Altars:

Annotations:
D:1 Natasha


Innate Abilities, Weirdness & Mutations

You are immune to sickness and miasma.
You are immune to poison.
Your flesh is very heat resistant. (rF++)
You are vulnerable to cold. (rC-)
You float through the air rather than walking.
You learn spells naturally, not from books.
Your magical power is your life essence.
You have superior vitality. (+4 HP)


Message History

You resist with significant effort.
A ball python comes into view.
Found a smoky yellow potion.
The ball python hisses angrily.
Found a falchion.
Natasha mumbles some strange words.
The ball python misses you.
You riposte.
You hit the ball python.
The ball python is moderately wounded.
The ball python closely misses you.
Natasha mumbles some strange words.
The crimson imp blinks!
Natasha mumbles some strange words.
The ball python bites you but does no damage.
The ball python barely misses you. The ball python completely misses you.
The ball python grabs you. The ball python constricts you.
You escape the ball python's grasp.
The crimson imp shouts!
The white imp summons a swarm of flies.
Natasha mumbles some strange words.
You feel disoriented.
Casting: Blink (safe; 17% risk of failure)
Confirm with . or Enter, or press ? or * to list all spells.
You blink.
Natasha claws you.
Casting: Blink (safe; 17% risk of failure)
Confirm with . or Enter, or press ? or * to list all spells.
You blink.
The white imp gestures at you. The puff of frost misses you.
Unknown command.
Casting: Blink (safe; 17% risk of failure)
Confirm with . or Enter, or press ? or * to list all spells.
You blink.
Unknown command.
The ball python bites you.
* * * LOW HITPOINT WARNING * * *
The ball python closely misses you. Natasha claws you.
* * * LOW HITPOINT WARNING * * *
Unknown command.
Are you sure you want to abandon this character and quit the game? (Confirm with "yes".)

#.......#######.....#....
#.......# #...Sh#..##
#.......# #.....#..g.
#####.......#########.#.#...#
.............§........#g#.#.#
##.......#..###########.#.#.#
..............# #.#.#..
##)...........# #......
..........5h@.### #......
#........SS...!# #......
##...#.#..5...## #...... #..
#.#......# #...... ...
#h#......# #...... ...
#.#......########...... ..
#S#......#.....†....... .
#S#......#.############
#........#.# #.(...##


You could see Natasha, a crimson imp (summoned), a white imp (summoned) and 2
ball pythons.

Vanquished Creatures
  2 dart slugs (D:1)
  A goblin (D:1)
  A kobold (D:2)
  2 rats (D:1)
6 creatures vanquished.

Notes
Turn   | Place    | Note
-------+----------+-------------------------------------------
     0 | D:1      | worthlessgem the Djinni Warper began the quest for the Orb.
     0 | D:1      | Reached XP level 1. HP: 18/18 MP: 0/0
   179 | D:2      | Noticed Natasha
   446 | D:1      | Reached XP level 2. HP: 8/24 MP: 0/0
   717 | D:2      | Noticed a crimson imp
   740 | D:1      | Noticed a crimson imp
   749 | D:1      | Noticed a crimson imp
   757 | D:1      | Quit the game

Illustrated notes

Levels and vault maps discovered:
D:1:      dpeg_arrival_water_temple_mockup, layout_basic,
          hellmonk_ecumenical_altar_pennies_from_heaven, serial_bayou_pond_a
D:2:      layout_basic, minmay_misc_feat_square, hex_tiny, uniq_natasha,
          uniq_jessica

Action                   || total
-------------------------++-------
Melee: Falchion          ||    16
Throw: Stone             ||     2
 Cast: Blink             ||     5
Armor: Leather armour    ||     9
Dodge: Dodged            ||    17
       Rpst.: Falchion   ||     3
